 Dungeon Crawl Stone Soup version 0.19.1-1-g22dce08 (webtiles) character file.

49 McKennaii the Magician (level 3, -2/21 HPs)
             Began as a High Elf Wizard on Jan 4, 2017.
             Killed by divine providence
             ... invoked by an orc priest
              (12 damage)
             ... on level 3 of the Dungeon.
             The game lasted 00:09:28 (1664 turns).

McKennaii the Magician (High Elf Wizard)            Turns: 1664, Time: 00:09:29

Health: -2/21      AC:  2    Str:  5 (6)  XL:     3   Next: 51%
Magic:  6/9        EV: 12    Int: 21 (23) God:
Gold:   78         SH:  0    Dex: 10 (13) Spells: 3 memorised, 4 levels left

rFire  . . .     SeeInvis .     (no weapon)
rCold  . . .     Gourm    .     a - +0 robe
rNeg   . . .     Faith    .     (no shield)
rPois  .         Spirit   .     b - +0 hat
rElec  .         Reflect  .     (no cloak)
rCorr  .         Harm     .     (no gloves)
MR     .....                    (no boots)
Stlth  ++........               (no amulet)
                                (no ring)
                                (no ring)

@: very slightly contaminated
A: no striking features
a: no special abilities


You were on level 3 of the Dungeon.
You were not hungry.

You visited 1 branch of the dungeon, and saw 4 of its levels.

You collected 78 gold pieces.

Inventory:

Armour
 a - a +0 robe (worn)
 b - a +0 hat (worn)
 l - a +0 cloak
Jewellery
 i - a +4 ring of dexterity {unknown}
Wands
 n - a wand of flame (21/48)
Scrolls
 j - a scroll of enchant armour {unknown}
 p - a scroll of amnesia {unknown}
 q - a scroll of blinking {unknown}
 r - a scroll of remove curse
Potions
 e - a potion of curing {unknown}
 g - a potion of degeneration
 h - a potion of lignification {unknown}
 k - a potion of ambrosia {unknown}
 m - 2 potions of agility {unknown}
 o - a potion of cure mutation {unknown}
Books
 c - a book of Minor Magic

   Spells                             Type                      Level
   a - Magic Dart                     Conjuration                  1
   b - Blink                          Translocation                2
   c - Call Imp                       Summoning                    2
   d - Repel Missiles                 Charms/Air                   2
   e - Slow                           Hexes                        2
   f - Conjure Flame                  Conjuration/Fire             3
   g - Mephitic Cloud                 Conjuration/Poison/Air       3
Comestibles
 d - 3 bread rations


   Skills:
 + Level 2.7 Dodging
 + Level 2.4 Stealth
 + Level 4.3 Spellcasting
 + Level 2.2 Conjurations
   Level 0.8 Summonings
   Level 1.1 Translocations


You had 4 spell levels left.
You knew the following spells:

 Your Spells              Type           Power        Failure   Level  Hunger
a - Magic Dart            Conj           ##..         6%          1    None
b - Slow                  Hex            #.......     17%         2    #......
c - Mephitic Cloud        Conj/Pois/Air  #.......     30%         3    ##.....


Dungeon Overview and Level Annotations

Branches:
Dungeon (4/15)
 Temple: D:4-7

Altars:


Message History

The orc shouts!
The orc priest invokes the aid of Beogh against you.
Pain shoots through your body!
Ouch! That really hurt!
An orc comes into view. It is wielding a hand axe.
Casting: Magic Dart
Confirm with . or Enter, or press ? or * to list all spells.
You can't see any susceptible monsters within range! (Use Z to cast anyway.)
Casting: Magic Dart
Confirm with . or Enter, or press ? or * to list all spells.
Aiming: Mephitic Cloud
Press: ? - help, Shift-Dir - straight line, f - orc
Aim: an orc, wielding a club and wearing a leather armour You miscast Mephitic Cloud.
You are very lightly contaminated with residual magic.
You feel a strange surge of energy!
The orc priest calls down the wrath of Beogh upon you.
Beogh smites you!
Ouch! That really hurt!
You die...

###############
#.@...........#
#o###########.#
#o#.. #.#####
#.#.######
#.#....
#o#......#
#.'....
#......#
###....
######o# #....
#.... #....


You could see an orc priest and 2 orcs.

Vanquished Creatures
  An adder (D:2)
  A dart slug (D:2)
  A ball python (D:2)
  3 giant cockroaches
  7 goblins
  3 hobgoblins
  5 kobolds
  A quokka (D:2)
  3 bats
  8 frilled lizards
  3 rats
36 creatures vanquished.

Notes
Turn   | Place    | Note
-------+----------+-------------------------------------------
     0 | D:1      | McKennaii the High Elf Wizard began the quest for the Orb.
     0 | D:1      | Reached XP level 1. HP: 11/11 MP: 6/6
   231 | D:1      | Reached XP level 2. HP: 9/17 MP: 1/7
   237 | D:1      | Learned a level 2 spell: Slow
   547 | D:1      | Reached skill level 4 in Spellcasting
  1062 | D:2      | Reached XP level 3. HP: 19/21 MP: 0/9
  1092 | D:2      | Learned a level 3 spell: Mephitic Cloud
  1664 | D:3      | Killed from afar by an orc priest

Skill      XL: |  1  2  3 |
---------------+----------+-----
Spellcasting   | 4 |  4.3
Conjurations   | 2 |  2.2
Dodging        | |  2.7
Stealth        | |  2.4
Summonings     | |  0.8
Translocations | |  1.1

Action                   || total
-------------------------++-------
Melee: Unarmed           ||    23
 Cast: Magic Dart        ||    84
  Use: Scroll            ||     2
       Potion            ||     1
 Stab: Sleeping          ||     1
  Eat: Pizza             ||     1
       Beef jerky        ||     1
Armor: Robe              ||    12
Dodge: Dodged            ||    34
